Map: Dreamcatcher LE

Players

LiquidSnute (Snute) - Winner!

  • Race: Zerg Zerg
  • League: Grandmaster
  • Spawn Location: 5:00

Zanster

  • Race: Zerg Zerg
  • League: Master
  • Spawn Location: 11:00

Event: HomeStory Cup XVII

VOD

Have the link to the VOD?

Description

Time

  • Played on: June 29, 2018, 12:23 p.m.
  • Length: 9:50

All games in this series

Show
View Real Time Build Order
Export as new Build Order

LiquidSnute Zerg - Winner!

Build Orders: Hatch First 

Get SALT Encoding   

  12  0:00  Drone  
  13  0:12  Overlord  
  13  0:17  Drone  
  14  0:30  Drone x2  
  14  0:34  Drone  
  17  0:51  Hatchery  
  17  0:53  Drone  
  18  0:57  Drone  
  18  1:02  Extractor  
  17  1:12  Spawning Pool  
  17  1:15  Drone  
  17  1:18  Drone  
  18  1:28  Drone  
  19  1:59  Queen, Zergling x2  
  19  2:00  Spine Crawler, Zergling x2  
  22  2:03  Queen  
  22  2:04  Zergling x4  
  26  2:15  Zergling x2  
  24  2:32  Overlord  
  25  2:39  Drone  
  24  2:47  Overlord  
  24  2:50  Drone  
  25  2:52  Drone x2  
  25  2:57  Drone  
  28  2:59  Drone  
  29  3:11  Drone  
  29  3:12  Drone x3  
  33  3:15  Drone  
  33  3:18  Lair  
  34  3:20  Drone  
  34  3:23  Evolution Chamber  
  34  3:26  Drone  
  35  3:31  Drone  
  36  3:38  Drone  
  36  3:40  Drone  
  36  3:41  Roach Warren  
  37  3:47  Overlord  
  37  3:49  Zerg Missile Weapons Level 1  
  37  3:51  Drone  
  38  3:59  Drone, Extractor x2  
  38  4:00  Drone x3  
  38  4:02  Overlord  
  40  4:04  Drone  
  40  4:06  Drone  
  40  4:08  Drone  
  43  4:10  Drone  
  43  4:13  Drone  
  45  4:23  Overlord  
  45  4:29  Overlord  
  45  4:31  Drone x2  
  47  4:44  Hatchery  
  45  4:46  Roach x4  
  45  4:52  Roach x3  
  59  4:56  Glial Reconstitution  
  59  4:59  Roach  
  61  5:04  Roach  
  61  5:05  Roach  
  61  5:07  Overlord  
  65  5:11  Roach x2  
  69  5:16  Overlord  
  69  5:19  Roach  
  69  5:20  Roach  
  73  5:22  Roach  
  73  5:27  Roach  
  77  5:32  Roach  
  79  5:36  Roach  
  83  5:43  Roach x4  
  83  5:47  Roach  
  91  5:54  Overlord x2  
  91  5:57  Overlord  
  91  6:01  Overlord, Zerg Missile Weapons Level 2  
  91  6:09  Overlord  
  91  6:13  Roach x4  
  91  6:16  Roach  
  91  6:18  Roach  
  103  6:21  Roach  
  103  6:24  Roach  
  107  6:26  Roach  
  107  6:30  Drone x2  
  111  6:37  Ravager  
  112  6:43  Roach x4  
  112  6:46  Drone x3  
  111  6:53  Drone x2  
  113  6:57  Roach x3  
  113  7:01  Roach  
  121  7:08  Roach x4  
  125  7:12  Roach  
  111  7:24  Roach x4  
  115  7:31  Roach x2  
  115  7:32  Drone x3  
  116  7:41  Roach x4  
  116  7:43  Overlord  
  116  7:46  Extractor  
  116  7:48  Roach x2  
  116  7:50  Queen x2  
  123  7:53  Queen  
  121  8:01  Roach x4  
  100  8:13  Roach x4  
  100  8:18  Spore Crawler, Roach  
  100  8:19  Roach  
  99  8:20  Drone x3  
  99  8:25  Queen  
  104  8:27  Spore Crawler  
  104  8:30  Roach x4  
  109  8:40  Roach x3  
  113  8:44  Drone  
  113  8:46  Drone  
  113  8:47  Drone  
  117  8:48  Drone  
  117  8:50  Drone x2  
  117  8:52  Extractor  
  117  8:54  Hydralisk Den  
  117  9:00  Roach x4  
  124  9:05  Overlord  
  124  9:06  Overlord  
  124  9:07  Roach x2  
  128  9:20  Drone x3  
  128  9:21  Drone  
  128  9:22  Spore Crawler  
Show
View Real Time Build Order
Export as new Build Order

Zanster Zerg 

Build Orders: Pool First 

Get SALT Encoding   

  12  0:18  Spawning Pool  
  11  0:21  Drone  
  11  0:26  Drone  
  13  0:32  Drone  
  14  0:41  Overlord  
  14  1:07  Zergling x6  
  17  1:17  Hatchery  
  17  1:18  Zergling x2  
  17  1:30  Zergling x2  
  17  1:32  Queen  
  20  1:41  Drone  
  21  1:50  Overlord  
  21  2:02  Drone  
  21  2:08  Queen  
  22  2:14  Drone  
  26  2:22  Drone  
  25  2:31  Drone  
  25  2:32  Queen  
  25  2:33  Drone  
  28  2:40  Drone  
  26  2:44  Drone  
  26  2:45  Drone x2  
  29  2:53  Drone x2  
  29  2:58  Overlord  
  31  3:02  Drone  
  34  3:08  Overlord  
  32  3:14  Overlord, Extractor  
  32  3:15  Drone x2  
  32  3:16  Extractor  
  32  3:17  Drone  
  33  3:22  Evolution Chamber  
  33  3:24  Drone  
  33  3:25  Drone  
  34  3:31  Drone x2  
  34  3:32  Drone  
  37  3:40  Roach Warren, Drone  
  37  3:46  Drone  
  37  3:47  Evolution Chamber  
  37  3:49  Drone  
  37  3:50  Drone  
  37  3:53  Drone  
  41  3:56  Drone  
  41  3:57  Drone  
  41  3:58  Drone  
  44  4:03  Drone  
  44  4:04  Drone  
  44  4:08  Lair  
  46  4:12  Overlord  
  46  4:14  Drone  
  46  4:16  Drone  
  48  4:20  Zerg Missile Weapons Level 1  
  48  4:21  Extractor  
  48  4:23  Drone  
  48  4:24  Drone  
  49  4:26  Drone  
  49  4:27  Drone  
  49  4:30  Overlord  
  51  4:31  Extractor  
  51  4:32  Drone  
  51  4:34  Drone  
  51  4:37  Drone  
  53  4:43  Overlord  
  53  5:02  Roach x9  
  71  5:08  Glial Reconstitution  
  71  5:16  Hatchery  
  71  5:18  Overlord  
  71  5:19  Overseer  
  70  5:22  Roach  
  70  5:27  Roach x2  
  76  5:36  Overlord x3  
  76  5:47  Roach x4  
  84  5:54  Roach x2  
  88  6:01  Roach x3  
  94  6:08  Spire  
  93  6:11  Hatchery  
  93  6:15  Roach  
  93  6:16  Roach x2  
  93  6:18  Overlord  
  98  6:32  Roach x3  
  104  6:39  Roach  
  110  6:40  Roach x2  
  96  6:48  Roach x4  
  96  6:54  Roach x2  
  106  7:07  Roach x5  
  106  7:11  Roach  
  106  7:12  Roach  
  94  7:19  Roach  
  84  7:24  Mutalisk x2  
  84  7:26  Roach x2  
  88  7:30  Mutalisk x2  
  88  7:42  Roach  
  88  7:43  Roach x3  
  92  7:48  Mutalisk  
  92  7:56  Roach x4  
  91  8:00  Roach  
  87  8:09  Roach  
  87  8:10  Roach x2  
  83  8:19  Mutalisk  
  81  8:24  Mutalisk  
  85  8:31  Roach x3  
  85  8:33  Hatchery  
  90  8:45  Roach  
  90  8:46  Roach x4  
  100  8:49  Roach x3  
  100  8:52  Overlord  
  106  8:59  Overlord  
  106  9:07  Roach x3  
  106  9:08  Roach  
  114  9:20  Drone x5  
  117  9:28  Roach  
  117  9:30  Roach  
Tags
 
Add a new tag
Caveats
  • Supply blocks, unpowered buildings, or Contaminate may cause inaccurate times.
  • Supply counts are checked every 10 seconds.